[Event "Titled Tuesday Blitz April 12 Late 2022"]
[White "Renjith, Sravan"]
[Black "Demchenko, Anton"]
[WhiteFideId "4306783"]
[BlackFideId "4160258"]
[WhiteElo "1863"]
[BlackElo "2539"]
[Result "0-1"]
[Round "03"]
[TimeControl "180+1"]
[Date "2022.04.13"]
[WhiteClock "0:00:02"]
[BlackClock "0:00:06"]

1. d4 Nf6 2. Nf3 d6 3. g3 g6 4. Bg2 Bg7 5. O-O O-O 6. c3 Nbd7 7. Nbd2 e5 8. e4 b6 9. Re1 Bb7 10. Qc2 Re8 11. a4 a6 12. d5 a5 13. b4 Rf8 14. Ba3 Bh6 15. Nc4 Ba6 16. Nfd2 Bxd2 17. Nxd2 Nh5 18. bxa5 bxa5 19. c4 Qe7 20. Nb3 Bc8 21. Qc3 Nb6 22. c5 Nxa4 23. cxd6 cxd6 24. Qc6 Bd7 25. Bxd6 Qd8 26. Qc2 Re8 27. Bc7 Qf6 28. Nd2 Rec8 29. Rec1 Ng7 30. Rxa4 Rxc7 31. Qxc7 Bxa4 32. Nc4 Bb3 33. Qxe5 Qxe5 34. Nxe5 a4 35. d6 Ne6 36. d7 Rd8 37. Bh3 Kg7 38. f4 a3 39. Ra1 a2 40. Bxe6 Bxe6 41. Kf2 f6 42. Nd3 Rxd7 43. Nc5 Re7 44. Nxe6+ Rxe6 45. Rxa2 Rxe4 46. Ra7+ Kh6 47. Kf3 f5 48. g4 g5 49. Ra6+ Kg7 50. fxg5 Rxg4 51. Ra7+ Kg6 52. Ra6+ Kxg5 53. Ra7 h5 54. Rg7+ Kf6 55. Ra7 Rh4 56. Kg3 Rb4 57. Ra6+ Kg5 58. Ra5 Rb3+ 59. Kg2 h4 60. Ra4 Rb2+ 61. Kh3 Rb3+ 62. Kg2 Re3 63. Kf2 Re4 64. Ra5 Kg4 65. Ra3 Rf4+ 66. Kg2 Rc4 67. Ra2 Rd4 68. Rb2 h3+ 69. Kf2 Rf4+ 70. Kg1 Rc4 71. Kf2 Rc1 72. Rb4+ f4 73. Rb8 Rc2+ 74. Kg1 Rd2 75. Rb3 Rg2+ 76. Kh1 Re2 77. Kg1 Re3 78. Rb2 Rc3 79. Ra2 Rc1+ 80. Kf2 Rh1 81. Ra8 Rxh2+ 82. Kg1 Rg2+ 83. Kh1 Kg3 84. Rg8+ Kf3 85. Rh8 Rg3 86. Ra8 Kg4 87. Ra2 Re3 88. Ra8 Kg3 89. Rg8+ Kf3 90. Rh8 Kf2 91. Rg8 f3 92. Rh8 Kf1 93. Kh2 f2 94. Rf8 Ke2 95. Ra8 f1=Q 96. Ra2+ Kf3 97. Rd2 Re2+ 98. Rxe2 Qxe2+ 99. Kxh3 Qg2+ 100. Kh4 Qg4# 0-1


[Site "https://www.chess.com"]

[Event "Titled Tuesday Blitz April 12 Late 2022"]
[White "Riehle, Marco"]
[Black "Putri, Regita Desyari"]
[WhiteFideId "12904392"]
[BlackFideId "7109083"]
[WhiteElo "2462"]
[BlackElo "1930"]
[Result "1-0"]
[Round "03"]
[TimeControl "180+1"]
[Date "2022.04.13"]
[WhiteClock "0:02:01"]
[BlackClock "0:00:03"]

1. e4 e5 2. Nf3 Nc6 3. Bc4 Bc5 4. c3 Nf6 5. d4 exd4 6. cxd4 Bb4+ 7. Kf1 d5 8. exd5 Nxd5 9. Nc3 Bxc3 10. bxc3 O-O 11. Ng5 h6 12. h4 Be6 13. Qd3 hxg5 14. hxg5 g6 15. Ba3 Re8 16. Re1 Kg7 17. Qf3 Qxg5 18. Bc1 Qf5 19. Qg3 Rh8 20. Rg1 Nf6 21. Bd3 Qg4 22. Qe3 Nd5 23. Qd2 Rae8 24. c4 Ndb4 25. d5 Nxd3 26. Qxd3 Bf5 27. Qc3+ Qd4 28. Bb2 Kh7 29. Rh1+ Kg8 30. Rxe8+ 1-0


[Site "https://www.chess.com"]

[Event "Titled Tuesday Blitz April 12 Late 2022"]
[White "Romanchuk, Viktor"]
[Black "Zanette, Edgard Vinicius"]
[WhiteFideId "14109271"]
[BlackFideId "2109263"]
[WhiteElo "2242"]
[BlackElo "2182"]
[Result "1-0"]
[Round "03"]
[TimeControl "180+1"]
[Date "2022.04.13"]
[WhiteClock "0:02:16"]
[BlackClock "0:01:13"]

1. d4 Nf6 2. c4 c5 3. d5 e6 4. Nc3 exd5 5. cxd5 d6 6. e4 g6 7. f4 Bg7 8. Nf3 O-O 9. Be2 b5 10. e5 dxe5 11. fxe5 Ng4 12. Bg5 Qa5 13. O-O b4 14. Ne4 Nxe5 15. Nxe5 Bxe5 16. Be7 Bd4+ 17. Kh1 Re8 18. d6 Be6 19. Ng5 Bd5 20. Bf3 1-0


[Site "https://www.chess.com"]

[Event "Titled Tuesday Blitz April 12 Late 2022"]
[White "Romero Ruscalleda, Josep"]
[Black "Ambartsumova, Karina"]
[WhiteFideId "2231859"]
[BlackFideId "4166299"]
[WhiteElo "2304"]
[BlackElo "2262"]
[Result "0-1"]
[Round "03"]
[TimeControl "180+1"]
[Date "2022.04.13"]
[WhiteClock "0:00:52"]
[BlackClock "0:00:48"]

1. e4 e5 2. Nf3 Nc6 3. Bc4 Bc5 4. c3 Nf6 5. b4 Be7 6. d3 a6 7. Bb3 O-O 8. O-O d5 9. Qe2 Bg4 10. h3 Bh5 11. Bg5 d4 12. g4 Nxg4 13. Bxe7 Qxe7 14. hxg4 Bxg4 15. Bd5 Rad8 16. Bxc6 bxc6 17. cxd4 Rd6 18. Qe3 Bxf3 19. Qxf3 Rg6+ 20. Kh2 Qh4+ 21. Qh3 Qf4+ 22. Kh1 Rh6 23. Qxh6 Qxh6+ 24. Kg2 exd4 25. Kf3 f5 26. Ke2 fxe4 27. dxe4 Qh5+ 28. f3 Qb5+ 29. Ke1 Qxb4+ 30. Nd2 Qc3 31. Rb1 Qe3+ 32. Kd1 d3 33. Rb3 Qe2+ 34. Kc1 c5 35. Rd1 c4 36. Rc3 h5 37. Rxc4 h4 38. Rxc7 h3 39. Rg1 Rf7 40. Rc8+ Kh7 41. Rg4 Qe1+ 42. Kb2 Rb7+ 43. Nb3 h2 44. Rh4+ Qxh4 0-1


[Site "https://www.chess.com"]

[Event "Titled Tuesday Blitz April 12 Late 2022"]
[White "Ronka, Erik"]
[Black "Horcajuelo Rocamora, Martin"]
[WhiteFideId "505080"]
[BlackFideId "24573027"]
[WhiteElo "2264"]
[BlackElo "1822"]
[Result "1-0"]
[Round "03"]
[TimeControl "180+1"]
[Date "2022.04.13"]
[WhiteClock "0:01:38"]
[BlackClock "0:02:06"]

1. d4 Nf6 2. Nf3 g6 3. g3 Bg7 4. Bg2 O-O 5. O-O d6 6. b3 c5 7. Bb2 Nc6 8. c4 Nd7 9. e3 cxd4 10. exd4 e5 11. d5 Ne7 12. Nc3 Nc5 13. Qe2 Bg4 14. h3 Bxf3 15. Bxf3 Nf5 16. Ne4 Nxe4 17. Bxe4 Ne7 18. Rac1 f5 19. Bg2 Rc8 20. Rfd1 b6 21. f4 e4 22. b4 Bxb2 23. Qxb2 Kf7 24. g4 Ng8 25. g5 h6 26. h4 h5 27. Kh2 Ne7 28. Qf6+ Ke8 29. Qd4 Qd7 30. c5 dxc5 31. bxc5 Kf7 32. d6 Ng8 33. c6 Rxc6 34. Qd5+ Ke8 35. Rxc6 1-0


[Site "https://www.chess.com"]

[Event "Titled Tuesday Blitz April 12 Late 2022"]
[White "Rozman, Levy"]
[Black "Melkumyan, Hrant"]
[WhiteFideId "2039877"]
[BlackFideId "13302485"]
[WhiteElo "2376"]
[BlackElo "2604"]
[Result "0-1"]
[Round "03"]
[TimeControl "180+1"]
[Date "2022.04.12"]
[WhiteClock "0:00:20"]
[BlackClock "0:01:27"]

1. d4 d5 2. Bg5 c6 3. Nc3 h6 4. Bh4 Bf5 5. f3 Nf6 6. Qd2 Nbd7 7. g4 Bh7 8. Bg3 e6 9. h4 Qa5 10. a3 c5 11. e3 a6 12. Bd3 Bxd3 13. Qxd3 Rc8 14. Ne2 cxd4 15. exd4 Qb6 16. Kf2 Bd6 17. Bxd6 Qxd6 18. Rae1 Ng8 19. Ng3 Ne7 20. Nd1 Rc6 21. c3 Kd8 22. Ne3 Kc8 23. Nh5 g6 24. Ng3 Kb8 25. g5 hxg5 26. hxg5 Rcc8 27. Ng2 Nb6 28. Rxh8 Rxh8 29. Rh1 Rxh1 30. Nxh1 Nc4 31. Qe2 Nf5 32. f4 Qb6 33. b4 Nxa3 34. Ng3 Nxg3 35. Kxg3 Nb5 36. Qe5+ Qc7 0-1


[Site "https://www.chess.com"]

[Event "Titled Tuesday Blitz April 12 Late 2022"]
[White "Sanchez, Robert"]
[Black "Hardaway, Brewington"]
[WhiteFideId "2034360"]
[BlackFideId "30941849"]
[WhiteElo "2385"]
[BlackElo "1768"]
[Result "1/2-1/2"]
[Round "03"]
[TimeControl "180+1"]
[Date "2022.04.13"]
[WhiteClock "0:00:18"]
[BlackClock "0:00:09"]

1. e4 c5 2. Nf3 g6 3. d4 cxd4 4. Bc4 Bg7 5. c3 Qc7 6. Bb3 dxc3 7. Nxc3 Nc6 8. Nd5 Qd8 9. Bf4 d6 10. O-O Nf6 11. Nxf6+ Bxf6 12. Bh6 Bg4 13. h3 Bxf3 14. Qxf3 Nd4 15. Qd1 Nxb3 16. Qxb3 Qd7 17. Rac1 Bd4 18. Rfd1 Bb6 19. e5 Qe6 20. exd6 Qxb3 21. d7+ Kd8 22. axb3 f6 23. Be3 Bc7 24. Bc5 Bf4 25. Rc4 Be5 26. Bxa7 Bc7 27. Bc5 e5 28. Be7+ Kxe7 29. Rxc7 Rhd8 30. Rxb7 f5 31. b4 Ra2 32. Rd2 Ra1+ 33. Kh2 e4 34. Kg3 g5 35. Rd5 Ke6 36. Rd2 h5 37. Rb6+ Kf7 38. h4 f4+ 39. Kh2 g4 40. g3 e3 41. fxe3 f3 42. Rh6 Re1 43. Rf2 Rxe3 44. Rxh5 Rxd7 45. Rh7+ Ke6 46. Rxd7 Kxd7 47. Kg1 Re1+ 48. Rf1 Re2 49. Rf2 Re1+ 50. Rf1 Re2 51. Rf2 Re5 52. Rh2 Kc6 53. h5 Re1+ 54. Kf2 Re2+ 55. Kg1 Re7 56. h6 Re1+ 57. Kf2 Re2+ 58. Kg1 Re1+ 59. Kf2 Re2+ 60. Kg1 Re1+ 1/2-1/2


[Site "https://www.chess.com"]

[Event "Titled Tuesday Blitz April 12 Late 2022"]
[White "Schekachikhin, Maksim"]
[Black "Paravyan, David"]
[WhiteFideId "24177830"]
[BlackFideId "4194985"]
[WhiteElo "2230"]
[BlackElo "2569"]
[Result "0-1"]
[Round "03"]
[TimeControl "180+1"]
[Date "2022.04.12"]
[WhiteClock "0:00:03"]
[BlackClock "0:00:08"]

1. d4 Nf6 2. c4 g6 3. Nc3 d5 4. cxd5 Nxd5 5. Bd2 Bg7 6. e4 Nxc3 7. Bxc3 O-O 8. Qd2 c5 9. d5 e6 10. Bc4 Bxc3 11. bxc3 b5 12. Bxb5 exd5 13. exd5 a6 14. Be2 Nd7 15. Nf3 Nf6 16. c4 Ne4 17. Qc2 Qa5+ 18. Kf1 Bf5 19. Bd3 Rfe8 20. h4 h5 21. Ng5 Nd6 22. g3 Qa3 23. Bxf5 Nxf5 24. Qb3 Qa5 25. Kg2 Re2 26. Qd3 Rae8 27. d6 Rd2 28. Qf3 Ree2 29. Rhf1 Nxd6 30. Kg1 Nf5 31. Qa8+ Kg7 32. Qb7 Re7 33. Qb3 Nd4 34. Qb8 Ne2+ 35. Kg2 Qc7 36. Qxc7 Rxc7 37. Rfd1 Rcd7 38. Rxd2 Rxd2 39. Ne4 Rc2 40. Nxc5 a5 41. a4 Rxc4 42. Nb3 Rb4 43. Nxa5 Nc3 44. Nc6 Rxa4 45. Rxa4 Nxa4 46. Kf3 Nc5 47. Nd4 Nd7 48. g4 Ne5+ 49. Kg3 Nxg4 50. f3 Nh6 51. Kf4 Kf6 52. Nc6 Nf5 53. Nb4 Nxh4 54. Nd5+ Kg7 55. Kg3 Nf5+ 56. Kf4 Nd4 57. Ne3 Ne6+ 58. Kg3 Kf6 59. Kh3 Kg5 60. Kg3 h4+ 61. Kh3 Nf4+ 62. Kh2 Ne6 63. Nd5 Nd4 64. Kh3 Nxf3 0-1


[Site "https://www.chess.com"]

[Event "Titled Tuesday Blitz April 12 Late 2022"]
[White "Sellitti, Federico"]
[Black "Broca Jimenez, Fernando"]
[WhiteFideId "821829"]
[BlackFideId "5104742"]
[WhiteElo "2560"]
[BlackElo "2062"]
[Result "0-1"]
[Round "03"]
[TimeControl "180+1"]
[Date "2022.04.13"]
[WhiteClock "0:00:02"]
[BlackClock "0:00:29"]

1. e4 c5 2. Nc3 g6 3. g3 Bg7 4. Bg2 Nc6 5. d3 e6 6. Be3 b6 7. Qd2 Nge7 8. Bh6 O-O 9. h4 d5 10. h5 d4 11. Nce2 e5 12. Bxg7 Kxg7 13. hxg6 hxg6 14. Qh6+ Kf6 15. f4 Ke6 16. Nf3 Kd6 17. fxe5+ Kc7 18. O-O-O Bg4 19. Qf4 Be6 20. Ng5 Kb7 21. Qd2 Bxa2 22. b3 a5 23. Kb2 a4 24. Ra1 axb3 25. cxb3 Nb4 26. e6 Ra5 27. exf7 Ka7 28. Ne6 Qc8 29. Nxf8 Qxf8 30. Rhf1 Nec6 31. Nc1 Ne5 32. Rxa2 Nxa2 33. Nxa2 Kb8 34. Nc1 Ra7 35. Qf4 Re7 36. Qf6 Kc7 37. b4 Nxf7 38. Nb3 Qe8 39. bxc5 bxc5 40. e5 Nxe5 41. Rd1 c4 42. dxc4 Nxc4+ 0-1


[Site "https://www.chess.com"]

[Event "Titled Tuesday Blitz April 12 Late 2022"]
[White "Senthilkumar, Pranav"]
[Black "Cagara, Paulina"]
[WhiteFideId "2083477"]
[BlackFideId "1124870"]
[WhiteElo "2402"]
[BlackElo "1780"]
[Result "0-1"]
[Round "03"]
[TimeControl "180+1"]
[Date "2022.04.13"]
[WhiteClock "0:01:07"]
[BlackClock "0:02:03"]

1. d4 f5 2. Nf3 Nf6 3. g3 g6 4. Bg2 Bg7 5. O-O O-O 6. c4 d6 7. Nc3 Qe8 8. b3 c5 9. dxc5 Ne4 10. Nxe4 Bxa1 11. Bh6 Bg7 12. Bxg7 Kxg7 13. Qd4+ e5 14. Qxd6 fxe4 15. Nxe5 Nc6 16. Nxc6 Qxc6 17. Qd4+ Qf6 18. Qxe4 Bf5 19. Qxb7+ Qf7 20. Qa6 Rae8 21. e3 Be4 22. Bxe4 Rxe4 23. Qc6 Rxe3 24. Qd6 Re6 25. Qd4+ Qf6 26. Qd7+ Rf7 27. Qc8 Re1 28. f4 Rxf1+ 29. Kxf1 g5 30. c6 gxf4 31. g4 f3 32. c7 Qa1+ 33. Kf2 Qb2+ 34. Kg3 Qg2+ 35. Kh4 Qxh2+ 36. Kg5 Qh6# 0-1


[Site "https://www.chess.com"]

[Event "Titled Tuesday Blitz April 12 Late 2022"]
[White "Seo, Jung Min"]
[Black "Lamaze, Simon"]
[WhiteFideId "1734687"]
[BlackFideId "36069264"]
[WhiteElo "2688"]
[BlackElo "2487"]
[Result "1-0"]
[Round "03"]
[TimeControl "180+1"]
[Date "2022.04.13"]
[WhiteClock "0:02:43"]
[BlackClock "0:02:31"]

1. d4 Nf6 2. c4 e6 3. Nf3 b6 4. a3 Bb7 5. Nc3 Ne4 6. Nxe4 Bxe4 7. Nd2 Bg6 8. e4 Nc6 9. d5 Nd4 10. Nf3 Bh5 11. Qxd4 1-0


[Site "https://www.chess.com"]

[Event "Titled Tuesday Blitz April 12 Late 2022"]
[White "Sernecki, Franciszek"]
[Black "Rytenko, Vsevolod"]
[WhiteFideId "1169297"]
[BlackFideId "14133040"]
[WhiteElo "2165"]
[BlackElo "2120"]
[Result "1-0"]
[Round "03"]
[TimeControl "180+1"]
[Date "2022.04.13"]
[WhiteClock "0:00:10"]
[BlackClock "0:01:08"]

1. d4 f5 2. Bg5 d5 3. Nf3 c6 4. e3 Nd7 5. Bd3 g6 6. h4 Ngf6 7. h5 Bg7 8. h6 Bf8 9. Nbd2 Qb6 10. Qe2 e6 11. O-O-O Be7 12. Ne5 Nxe5 13. dxe5 Ng8 14. Bxe7 Nxe7 15. c4 a5 16. g4 Bd7 17. gxf5 exf5 18. Nf3 O-O-O 19. Kb1 Kb8 20. Ng5 Be8 21. f4 d4 22. Ne6 Rc8 23. exd4 Bd7 24. Nc5 Rcd8 25. Bc2 Bc8 26. Rh3 Rxd4 27. Rxd4 Qxc5 28. Rhd3 Be6 29. Rd8+ Rxd8 30. Rxd8+ Kc7 31. Qd3 Bxc4 32. Qd6+ Qxd6 33. Rxd6 Nd5 34. Rxg6 Nxf4 35. Rg7+ Kb6 36. Rxh7 Ng6 37. Rg7 Nf8 38. Bxf5 Kc5 39. h7 Nxh7 40. Rxh7 b5 41. Rd7 Bd5 42. e6 a4 43. e7 Bf7 44. Be6 Bg6+ 45. Kc1 b4 46. Rd8 a3 47. bxa3 bxa3 48. e8=Q Bxe8 49. Rxe8 Kb4 50. Bb3 c5 51. Rb8+ Kc3 52. Rc8 Kb4 53. Kc2 c4 54. Rxc4+ Kb5 55. Ra4 1-0


[Site "https://www.chess.com"]

[Event "Titled Tuesday Blitz April 12 Late 2022"]
[White "Sheng, Joshua"]
[Black "Barria Zuniga, Daniel"]
[WhiteFideId "2057360"]
[BlackFideId "3400816"]
[WhiteElo "2142"]
[BlackElo "2414"]
[Result "1-0"]
[Round "03"]
[TimeControl "180+1"]
[Date "2022.04.12"]
[WhiteClock "0:01:58"]
[BlackClock "0:01:33"]

1. e4 e6 2. d4 d5 3. Nc3 Bb4 4. e5 Ne7 5. a3 Bxc3+ 6. bxc3 c5 7. h4 Qa5 8. Bd2 Qa4 9. h5 h6 10. Nf3 b6 11. dxc5 bxc5 12. Rh4 Qc6 13. c4 O-O 14. Rg4 Nf5 15. Bd3 Rd8 16. Qc1 Kf8 17. Nh4 Nxh4 18. Rxh4 Nd7 19. Bxh6 gxh6 20. Qxh6+ Ke7 21. Qg5+ f6 22. Qg7+ 1-0


[Site "https://www.chess.com"]

[Event "Titled Tuesday Blitz April 12 Late 2022"]
[White "Shimanov, Aleksandr"]
[Black "Migot, Tangi"]
[WhiteFideId "4198603"]
[BlackFideId "662445"]
[WhiteElo "2636"]
[BlackElo "2538"]
[Result "1-0"]
[Round "03"]
[TimeControl "180+1"]
[Date "2022.04.12"]
[WhiteClock "0:00:36"]
[BlackClock "0:00:03"]

1. d4 Nf6 2. Nc3 e6 3. Bf4 d5 4. Nb5 Na6 5. e3 Be7 6. Nf3 O-O 7. Ne5 Bd7 8. a4 Be8 9. h4 Nd7 10. h5 Nxe5 11. Bxe5 f6 12. Bf4 c5 13. c3 Nb8 14. Nc7 Nc6 15. Nxe6 Qd7 16. Nxf8 Bxf8 17. dxc5 Bxc5 18. Be2 Rd8 19. Bg4 Qe7 20. Bf5 Ne5 21. Qc2 h6 22. Rd1 Kh8 23. b4 Bb6 24. a5 Bc7 25. Bg6 Bb5 26. Rh3 b6 27. axb6 Bxb6 28. Bxe5 Qxe5 29. Bd3 Bd7 30. Rh4 Qg5 31. g3 Bg4 32. Be2 Bf5 33. Qd2 Be6 34. Bf3 Qe5 35. Kf1 a5 36. c4 dxc4 37. Qxd8+ Bxd8 38. Rxd8+ Kh7 39. Re4 Qc7 40. Rf8 Qd7 41. Rd4 Qe7 42. Be4+ f5 43. Bxf5+ Bxf5 44. Rxf5 c3 45. Rxa5 1-0


[Site "https://www.chess.com"]

[Event "Titled Tuesday Blitz April 12 Late 2022"]
[White "Silvestre, Christian"]
[Black "Tillyaev, Ulugbek"]
[WhiteFideId "30956269"]
[BlackFideId "14202441"]
[WhiteElo "2430"]
[BlackElo "2628"]
[Result "0-1"]
[Round "03"]
[TimeControl "180+1"]
[Date "2022.04.13"]
[WhiteClock "0:00:07"]
[BlackClock "0:01:25"]

1. e4 Nf6 2. e5 Nd5 3. d4 d6 4. Nf3 Bg4 5. exd6 cxd6 6. Be2 g6 7. h3 Bf5 8. c4 Nb4 9. Qa4+ N8c6 10. Na3 Nd3+ 11. Bxd3 Bxd3 12. d5 Qa5+ 13. Qxa5 Nxa5 14. Kd2 Bxc4 15. b4 Bxd5 16. bxa5 Bg7 17. Rb1 O-O 18. Bb2 Bh6+ 19. Kd3 Bxa2 20. Ra1 Be6 21. g4 Rac8 22. g5 Bf5+ 23. Ke3 Bg7 24. Bxg7 Kxg7 25. Rac1 Rxc1 26. Rxc1 Bxh3 27. Rc7 Rc8 28. Rxc8 Bxc8 29. Nd4 f6 30. f4 h6 31. gxf6+ Kxf6 32. Nab5 a6 33. Nc3 e6 34. Nb3 Bd7 35. Nd4 Be8 36. Ne4+ Ke7 37. Nc3 d5 38. Nf3 Kd6 39. Kd4 g5 40. fxg5 hxg5 41. Ne5 Bh5 42. Na4 g4 43. Nb6 g3 44. Nc8+ Kc7 45. Nb6 g2 0-1


[Site "https://www.chess.com"]

[Event "Titled Tuesday Blitz April 12 Late 2022"]
[White "Sokolovsky, Yahli"]
[Black "Zhigalko, Sergei"]
[WhiteFideId "2820242"]
[BlackFideId "13502956"]
[WhiteElo "1770"]
[BlackElo "2662"]
[Result "0-1"]
[Round "03"]
[TimeControl "180+1"]
[Date "2022.04.12"]
[WhiteClock "0:00:06"]
[BlackClock "0:00:56"]

1. b3 e5 2. Bb2 d6 3. e3 Nf6 4. d4 e4 5. d5 c6 6. dxc6 Nxc6 7. Ne2 d5 8. Nd4 Bd6 9. Nc3 O-O 10. Qd2 Be6 11. O-O-O Rc8 12. Nce2 Bb4 13. c3 Bd6 14. Nxc6 bxc6 15. h3 c5 16. g4 c4 17. b4 Nd7 18. Nd4 Ne5 19. Be2 Nd3+ 20. Bxd3 cxd3 21. Kb1 Bd7 22. f4 a5 23. a3 Rc4 24. Rc1 Qb6 25. g5 Rfc8 26. h4 Ba4 27. b5 Bxb5 28. Ka2 Ra4 29. Nxb5 Qxb5 30. c4 Raxc4 31. Rxc4 Rxc4 32. Rc1 a4 33. Rxc4 Qxc4+ 34. Ka1 Qc2 35. Qa5 d2 0-1


[Site "https://www.chess.com"]

[Event "Titled Tuesday Blitz April 12 Late 2022"]
[White "Song, Michael"]
[Black "Phillips, Rene"]
[WhiteFideId "2613190"]
[BlackFideId "2056275"]
[WhiteElo "2274"]
[BlackElo "2136"]
[Result "1-0"]
[Round "03"]
[TimeControl "180+1"]
[Date "2022.04.13"]
[WhiteClock "0:00:16"]
[BlackClock "0:00:07"]

1. e4 Nc6 2. d4 d5 3. e5 f6 4. f4 Nh6 5. Bb5 Bg4 6. Nf3 Qd7 7. h3 Bxf3 8. Qxf3 Nf5 9. Qf2 h5 10. Be3 a6 11. Bd3 h4 12. c3 O-O-O 13. Nd2 Ng3 14. Rg1 f5 15. Nf1 Ne4 16. Qe2 e6 17. Nd2 Ng3 18. Qd1 Na7 19. a4 Kb8 20. b4 Qc6 21. Qb3 b5 22. Kf2 Be7 23. Nf3 Kb7 24. Ra3 Ra8 25. Rga1 Ne4+ 26. Kg1 Ng3 27. Qa2 Qb6 28. Nd2 Ne4 29. Nxe4 fxe4 30. Be2 Rhf8 31. Bg4 g5 32. f5 exf5 33. Qxd5+ Qc6 34. Qxc6+ Nxc6 35. axb5 axb5 36. Rxa8 Rxa8 37. Rxa8 Kxa8 38. Bxf5 Ka7 39. Bxe4 Nd8 40. d5+ Kb8 41. Kf2 Nf7 42. Bd4 Nh6 43. Kf3 Bd8 44. Bg6 Ng8 45. Kg4 Ne7 46. Be4 Kc8 47. Be3 Kd7 48. Bxg5 c6 49. Bxe7 Bxe7 50. dxc6+ Kc7 51. Kf5 Bd8 52. Ke6 Bg5 53. Kf7 Bd2 54. e6 Bxc3 55. e7 Bxb4 56. e8=Q 1-0


[Site "https://www.chess.com"]

[Event "Titled Tuesday Blitz April 12 Late 2022"]
[White "Stanisz, Patryk"]
[Black "Simonovic, Miroslav"]
[WhiteFideId "1123106"]
[BlackFideId "919152"]
[WhiteElo "1833"]
[BlackElo "2043"]
[Result "0-1"]
[Round "03"]
[TimeControl "180+1"]
[Date "2022.04.13"]
[WhiteClock "0:00:03"]
[BlackClock "0:00:31"]

1. Nf3 c5 2. g3 Nc6 3. Bg2 g6 4. O-O Bg7 5. e4 e5 6. d3 Nge7 7. Nc3 O-O 8. Nd5 h6 9. Be3 d6 10. Qd2 Kh7 11. c3 Nxd5 12. exd5 Ne7 13. c4 f5 14. Rab1 g5 15. Nxg5+ hxg5 16. Bxg5 Qe8 17. b4 b6 18. bxc5 bxc5 19. f4 exf4 20. Bxf4 Bd4+ 21. Kh1 Qg6 22. Rfe1 Rf7 23. Qa5 Qf6 24. Qd8 Ng6 25. Qxd6 Nxf4 26. Qxf4 Bd7 27. Rb7 Re8 28. Rf1 Be5 29. Qf3 Bc8 30. Qh5+ Kg7 31. Rxf7+ Qxf7 32. Qg5+ Qg6 33. Qc1 Qh6 34. Qa3 Bxg3 35. Qxa7+ Kh8 36. h3 Bd6 37. Qf7 Rf8 38. Qa7 Qg6 39. Qa3 Qg3 40. Qb2+ Be5 41. Qe2 Qh2# 0-1


[Site "https://www.chess.com"]

[Event "Titled Tuesday Blitz April 12 Late 2022"]
[White "Stelmaszyk, Nico"]
[Black "Sailer, Mike"]
[WhiteFideId "16200462"]
[BlackFideId "2012901"]
[WhiteElo "2119"]
[BlackElo "2109"]
[Result "1-0"]
[Round "03"]
[TimeControl "180+1"]
[Date "2022.04.13"]
[WhiteClock "0:00:52"]
[BlackClock "0:00:01"]

1. e4 d5 2. exd5 Qxd5 3. Nc3 Qd6 4. Nf3 Nf6 5. Bc4 c6 6. O-O Bg4 7. h3 Bh5 8. d4 e6 9. Bg5 Be7 10. Bxf6 gxf6 11. Ne4 Qc7 12. Ng3 Bg6 13. Bd3 Nd7 14. a4 Rg8 15. Qe2 Nb6 16. c4 a5 17. b3 Nd7 18. Rad1 Bxd3 19. Rxd3 f5 20. Rfd1 Nf6 21. d5 cxd5 22. cxd5 Nxd5 23. Rxd5 Rxg3 24. Qb5+ Qc6 25. fxg3 exd5 26. Rxd5 Qxb5 27. Rxb5 O-O-O 28. Rxf5 Rd7 29. Ne5 Bc5+ 30. Kh2 Rd1 31. h4 Bd6 32. Nxf7 Bc7 33. Ng5 Rd3 34. Rf8+ Kd7 35. Rf7+ Kc6 36. Nf3 1-0


[Site "https://www.chess.com"]

[Event "Titled Tuesday Blitz April 12 Late 2022"]
[White "Suarez Uriel, Adrian"]
[Black "Suder, Jakub"]
[WhiteFideId "22230874"]
[BlackFideId "1195310"]
[WhiteElo "2444"]
[BlackElo "2635"]
[Result "0-1"]
[Round "03"]
[TimeControl "180+1"]
[Date "2022.04.13"]
[WhiteClock "0:01:50"]
[BlackClock "0:02:00"]

1. e4 c5 2. Ne2 Nc6 3. d4 cxd4 4. Nxd4 Nf6 5. Nc3 e6 6. a3 Bc5 7. Be3 Qb6 8. Na4 Qa5+ 9. c3 Bxd4 10. Bxd4 Nxd4 11. Qxd4 O-O 12. Bd3 d5 13. e5 Ne4 14. Bxe4 dxe4 15. Qxe4 Bd7 16. Qxb7 Qxe5+ 17. Kf1 Bxa4 18. Re1 Bb5+ 0-1


[Site "https://www.chess.com"]

[Event "Titled Tuesday Blitz April 12 Late 2022"]
[White "Svane, Rasmus"]
[Black "Tregubov, Pavel V."]
[WhiteFideId "4657101"]
[BlackFideId "4115341"]
[WhiteElo "2645"]
[BlackElo "2341"]
[Result "1-0"]
[Round "03"]
[TimeControl "180+1"]
[Date "2022.04.12"]
[WhiteClock "0:02:20"]
[BlackClock "0:01:26"]

1. Nf3 c5 2. c4 Nc6 3. Nc3 Nf6 4. e3 e6 5. d4 d5 6. cxd5 exd5 7. Bb5 Bd6 8. O-O O-O 9. dxc5 Bxc5 10. b3 Bg4 11. Bb2 d4 12. Na4 Bd6 13. Bxc6 bxc6 14. Qxd4 Bxf3 15. gxf3 Qe7 16. Kh1 Rfd8 17. Rg1 Bg3 18. Qc3 Bh4 19. Rg4 1-0


[Site "https://www.chess.com"]

[Event "Titled Tuesday Blitz April 12 Late 2022"]
[White "Tari, Aryan"]
[Black "Riff, Vincent"]
[WhiteFideId "1510045"]
[BlackFideId "617776"]
[WhiteElo "2567"]
[BlackElo "2377"]
[Result "1-0"]
[Round "03"]
[TimeControl "180+1"]
[Date "2022.04.12"]
[WhiteClock "0:00:07"]
[BlackClock "0:00:12"]

1. e3 d5 2. Nf3 Nf6 3. c4 e6 4. Nc3 Be7 5. d4 O-O 6. Bd3 dxc4 7. Bxc4 c5 8. O-O cxd4 9. exd4 Nc6 10. Qe2 Bd7 11. Rd1 Rc8 12. h3 Na5 13. Bd3 b5 14. Ne5 b4 15. Ne4 Nxe4 16. Qxe4 f5 17. Qe2 Bc6 18. Nxc6 Nxc6 19. Qxe6+ Kh8 20. d5 Nd4 21. Qe1 Nc2 22. Bxc2 Rxc2 23. Bf4 Bc5 24. Rd2 b3 25. Rxc2 bxc2 26. Qd2 h6 27. Rc1 Bd6 28. Bxd6 Qxd6 29. Rxc2 Rd8 30. g3 Qxd5 31. Qxd5 Rxd5 32. Rc7 a5 33. Rb7 Rd2 34. Kg2 Rc2 35. Kf3 g5 36. Ke3 Kg8 37. a4 Rc4 38. b3 Rc2 39. Rb5 f4+ 40. gxf4 gxf4+ 41. Kf3 Rc3+ 42. Kxf4 Rxh3 43. f3 Rh4+ 44. Ke3 Rh1 45. Rxa5 h5 46. Kf4 h4 47. Kg4 h3 48. Kg3 Kf7 49. Rh5 Rb1 50. Rb5 Rh1 51. a5 Ke6 52. a6 Kd7 53. Ra5 Kc7 54. a7 Rg1+ 55. Kxh3 Rg8 56. a8=Q 1-0


[Site "https://www.chess.com"]

[Event "Titled Tuesday Blitz April 12 Late 2022"]
[White "Vasquez Schroeder, Rodrigo"]
[Black "Lewtak, Damian"]
[WhiteFideId "3400042"]
[BlackFideId "1141724"]
[WhiteElo "2561"]
[BlackElo "2362"]
[Result "1-0"]
[Round "03"]
[TimeControl "180+1"]
[Date "2022.04.12"]
[WhiteClock "0:00:49"]
[BlackClock "0:01:06"]

1. e4 c5 2. Nf3 d6 3. d4 cxd4 4. Nxd4 Nf6 5. Nc3 Nc6 6. Bg5 e6 7. Qd2 a6 8. O-O-O Bd7 9. f4 b5 10. Bxf6 gxf6 11. Kb1 Qb6 12. Nce2 Be7 13. g3 h5 14. Bg2 Rc8 15. h4 Na5 16. b3 Nc6 17. Bf3 a5 18. c3 a4 19. b4 f5 20. exf5 Nxd4 21. Nxd4 e5 22. Rhe1 exd4 23. f6 Bf5+ 24. Ka1 dxc3 25. Rxe7+ Kf8 26. Qd5 Rh7 27. Qxf5 1-0


[Site "https://www.chess.com"]

[Event "Titled Tuesday Blitz April 12 Late 2022"]
[White "Volkov, Maksim"]
[Black "Skatchkov, Valery"]
[WhiteFideId "54123070"]
[BlackFideId "24195812"]
[WhiteElo "2648"]
[BlackElo "2465"]
[Result "1-0"]
[Round "03"]
[TimeControl "180+1"]
[Date "2022.04.13"]
[WhiteClock "0:00:48"]
[BlackClock "0:00:03"]

1. d4 d5 2. c4 Nc6 3. Nc3 e5 4. cxd5 Nxd4 5. e3 Nf5 6. Nf3 Bd6 7. e4 Nfe7 8. Bc4 a6 9. a4 f5 10. O-O Nf6 11. Re1 O-O 12. exf5 Bxf5 13. Nxe5 Ng6 14. Nxg6 Bxg6 15. Bg5 Qd7 16. h3 Qf5 17. Be3 Rae8 18. Bd4 Qf4 19. Re6 Qh2+ 20. Kf1 Bh5 21. f3 Qh1+ 22. Kf2 Qh2 23. Ne2 Ne4+ 24. Ke3 Qxg2 25. Ng1 Ng5 26. Qf1 Qg3 27. Re1 Nxf3 28. Ne2 Nxe1+ 29. Nxg3 Rxf1 30. Nxf1 Ng2+ 31. Kf2 Rf8+ 32. Kxg2 Bf3+ 33. Kg1 Bg3 34. Nxg3 1-0


[Site "https://www.chess.com"]